Sabres vs Rangers

Created - January 24 2012 at 17:10

Goals
1 2 3 T
Sabres 2 0 4 6
Rangers 1 2 0 3
Shots
1 2 3 T
Sabres 18 8 14 40
Rangers 10 8 7 25

Period #1

1. Rangers , Mikko Koivu 9 (Marc Staal, Mike Cammalleri) at 0:15
2. Sabres , Jordan Staal 14 (Brad Stuart, Victor Hedman) at 9:13
3. Sabres , Tuomo Ruutu 16 (Brad Stuart, Jordan Staal) at 16:03

Penalties :
Brad Stuart (BUF) for High sticking (Minor) at 0:24, Cal Clutterbuck (NYR) for Hooking (Minor) at 3:35, Stephane Robidas (NYR) for Hooking (Minor) at 16:22

Period #2

4. Rangers , Mike Cammalleri 22 (Mikko Koivu, Marc Staal) at 0:31
5. Rangers , David Perron 19 (Radim Vrbata, Frans Nielsen) at 10:15

Penalties :
Cal Clutterbuck (NYR) for Holding (Minor) at 0:58, Tuomo Ruutu (BUF) for Tripping (Minor) at 4:35

Period #3

6. Sabres , Marian Hossa 18 (Tyler Myers, Mike Richards) at 7:36
7. Sabres , Jay Bouwmeester 11 (Mike Richards, Marian Hossa) at 11:22
8. Sabres , Tuomo Ruutu 17 (Mike Richards, Marian Hossa) at 15:59 (PP)
9. Sabres , Brad Stuart 6 (Dan Cleary, Jordan Staal) at 16:55 (PP)

Penalties :
Mike Weaver (NYR) for Hooking (Minor) at 14:50, Jordan Caron (NYR) for Hooking (Minor) at 15:09

Goalie Stats

Semyon Varlamov (BUF), 22 saves from 25 shots - (0.880), W, 13-11-0, 60:00 minutes
Niklas Backstrom (NYR), 34 saves from 40 shots - (0.850), L, 20-24-1, 60:00 minutes

Players Stats

Sabres
Player Name              G  A  P  +/- PIM S  H  SB FO    MP 
------------------------------------------------------------
Brad Stuart              1  2  3   2  2   3  2  0  0/0   19 
Brett Sterling           0  0  0  -1  0   1  0  0  0/0   14 
Chris Stewart            0  0  0   2  0   2  0  0  1/3   18 
Dan Cleary               0  1  1   0  0   1  0  0  0/0   20 
David Legwand            0  0  0   0  0   0  1  0  9/20  17 
Eric Fehr                0  0  0  -1  0   3  0  0  1/2   13 
Jay Bouwmeester          1  0  1  -1  0   6  0  0  0/0   25 
Jeff Schultz             0  0  0   0  0   0  1  0  0/0   16 
Jordan Staal             1  2  3   2  0   5  1  0  13/24 21 
Karl Alzner              0  0  0  -1  0   0  0  0  0/0   13 
Marian Hossa             1  2  3   0  0   4  0  0  1/1   14 
Mike Richards            0  3  3   0  0   4  1  0  12/19 13 
Ryan Carter              0  0  0  -1  0   2  4  1  6/12  13 
Steve Downie             0  0  0   0  0   1  6  0  0/0   15 
Trevor Daley             0  0  0   0  0   0  0  2  0/0   17 
Tuomo Ruutu              2  0  2   2  2   5  3  0  1/1   18 
Tyler Myers              0  1  1   0  0   2  2  0  0/0   14 
Victor Hedman            0  1  1   2  0   1  0  0  0/0   17 
Rangers
Player Name              G  A  P  +/- PIM S  H  SB FO    MP 
------------------------------------------------------------
Cal Clutterbuck          0  0  0  -1  4   1  3  0  0/1   15 
David Perron             1  0  1  -2  0   2  0  0  0/0   17 
Frans Nielsen            0  1  1  -2  0   1  1  1  12/31 21 
Guillaume Latendresse    0  0  0  -1  0   3  1  0  1/1   15 
Ian White                0  0  0  -1  0   1  0  0  0/0   16 
Jordan Caron             0  0  0   0  2   0  0  0  1/2   9  
Keith Ballard            0  0  0  -1  0   0  4  3  0/0   17 
Luke Schenn              0  0  0  -2  0   0  5  1  0/0   19 
Marc Staal               0  2  2   2  0   1  1  2  0/0   25 
Mike Cammalleri          1  1  2   2  0   5  0  0  0/0   15 
Mike Weaver              0  0  0  -2  2   0  0  2  0/0   20 
Mikko Koivu              1  1  2   2  0   5  1  0  16/28 21 
Radim Vrbata             0  1  1  -2  0   3  1  0  1/1   17 
Scott Gomez              0  0  0  -1  0   1  0  1  5/15  18 
Stephane Robidas         0  0  0   2  2   1  3  2  0/0   23 
Tom Pyatt                0  0  0   0  0   0  1  0  1/2   3  
Troy Brouwer             0  0  0   0  0   1  1  0  0/0   5  
Vinny Prospal            0  0  0   2  0   0  2  0  1/1   15 

3 Stars

1 - Jordan Staal (BUF)
2 - Tuomo Ruutu (BUF)
3 - Brad Stuart (BUF)

Power Play

Sabres - 2 on 5 Attempt(s) - 40.00%
Rangers - 0 on 2 Attempt(s) - 0.00%

Penalty Kill

Sabres - 2 on 2 Attempt(s) - 100.00% - Score 0 goal in Penalty Kill
Rangers - 3 on 5 Attempt(s) - 60.00% - Score 0 goal in Penalty Kill

Game Notes

No Game Note

Finance

Level 1 -- Attendance: 3867 (59.49%) -- Ticket Income $483,375.00
Level 2 -- Attendance: 3041 (60.82%) -- Ticket Income $228,075.00
Level 3 -- Attendance: 2039 (58.26%) -- Ticket Income $101,950.00
Level 4 -- Attendance: 1738 (79.00%) -- Ticket Income $43,450.00
Luxury Box -- Attendance: 548 (54.80%) -- Ticket Income $137,000.00
Game was played at the Madison Square Garden
Total Attendance: 11233 (61.72%)
Total Ticket Income: $1,087,357.00
Other Income: $211,463.40
Total Income: $1,298,820.00


Play by Play

Period #1

0:01 of 1st period - Mikko Koivu wins face-off versus Mike Richards in neutral zone.
0:09 of 1st period - Shot by Vinny Prospal.
0:09 of 1st period - Deflect By Mike Cammalleri.
0:09 of 1st period - Stopped by Semyon Varlamov with a rebound.
0:13 of 1st period - Shot by Mikko Koivu.
0:13 of 1st period - Stopped by Semyon Varlamov with a rebound.
0:15 of 1st period - Shot by Mikko Koivu.
0:15 of 1st period - Goal by Mikko Koivu - Sabres : 0 - Rangers : 1.
0:16 of 1st period - Frans Nielsen wins face-off versus Jordan Staal in neutral zone.
0:24 of 1st period - Minor Penalty to Brad Stuart for High sticking.
0:25 of 1st period - Mikko Koivu wins face-off versus David Legwand in Sabres zone.
0:50 of 1st period - Shot by Ian White.
0:50 of 1st period - Stopped by Semyon Varlamov without a rebound.
0:51 of 1st period - Frans Nielsen wins face-off versus Mike Richards in Sabres zone.
1:08 of 1st period - Shot by Jay Bouwmeester.
1:08 of 1st period - Stopped by Niklas Backstrom without a rebound.
1:09 of 1st period - Marian Hossa wins face-off versus Mikko Koivu in Rangers zone.
1:40 of 1st period - Shot by Mike Cammalleri.
1:40 of 1st period - Stopped by Semyon Varlamov without a rebound.
1:41 of 1st period - Mike Richards wins face-off versus Frans Nielsen in Sabres zone.
2:01 of 1st period - Icing by Radim Vrbata.
2:02 of 1st period - Frans Nielsen wins face-off versus David Legwand in Rangers zone.
2:02 of 1st period - Frans Nielsen is hit by David Legwand.
2:38 of 1st period - Shot by Cal Clutterbuck.
2:38 of 1st period - Stopped by Semyon Varlamov with a rebound.
3:13 of 1st period - Jordan Staal is hit by Keith Ballard and loses puck.
3:21 of 1st period - Jordan Staal is hit by Keith Ballard and loses puck.
3:24 of 1st period - Shot by Tuomo Ruutu.
3:24 of 1st period - Shot Misses the Net.
3:35 of 1st period - Minor Penalty to Cal Clutterbuck for Hooking.
3:36 of 1st period - Frans Nielsen wins face-off versus Mike Richards in Rangers zone.
3:51 of 1st period - Shot by Marian Hossa.
3:51 of 1st period - Shot Blocked by Marc Staal.
3:53 of 1st period - Shot by Jay Bouwmeester.
3:53 of 1st period - Stopped by Niklas Backstrom without a rebound.
3:54 of 1st period - Chris Stewart wins face-off versus Frans Nielsen in Rangers zone.
4:07 of 1st period - Shot by Dan Cleary.
4:07 of 1st period - Deflect By Chris Stewart.
4:07 of 1st period - Shot Blocked by Mike Weaver.
4:09 of 1st period - Shot by Brad Stuart.
4:09 of 1st period - Deflect By Jordan Staal.
4:09 of 1st period - Shot Misses the Net.
5:12 of 1st period - Scott Gomez is hit by Tuomo Ruutu and loses puck.
5:48 of 1st period - Icing by Steve Downie.
5:49 of 1st period - Guillaume Latendresse wins face-off versus David Legwand in Sabres zone.
5:55 of 1st period - Shot by Guillaume Latendresse.
5:55 of 1st period - Stopped by Semyon Varlamov without a rebound.
5:56 of 1st period - Mikko Koivu wins face-off versus Eric Fehr in Sabres zone.
5:57 of 1st period - Shot by Mike Cammalleri.
5:57 of 1st period - Stopped by Semyon Varlamov without a rebound.
5:58 of 1st period - Mikko Koivu wins face-off versus Ryan Carter in Sabres zone.
5:59 of 1st period - Shot by Marc Staal.
5:59 of 1st period - Shot Misses the Net.
6:05 of 1st period - Mikko Koivu is hit by Ryan Carter and loses puck.
6:17 of 1st period - Icing by Stephane Robidas.
6:18 of 1st period - Mikko Koivu wins face-off versus David Legwand in Rangers zone.
6:24 of 1st period - Off-side.
6:25 of 1st period - Tuomo Ruutu wins face-off versus Scott Gomez in neutral zone.
7:03 of 1st period - Icing by Tuomo Ruutu.
7:04 of 1st period - Radim Vrbata wins face-off versus Jordan Staal in Sabres zone.
7:39 of 1st period - Shot by Radim Vrbata.
7:39 of 1st period - Shot Misses the Net.
8:38 of 1st period - Icing by Marc Staal.
8:39 of 1st period - Mikko Koivu wins face-off versus Ryan Carter in Rangers zone.
8:39 of 1st period - Mikko Koivu is hit by Ryan Carter.
9:03 of 1st period - Shot by Brett Sterling.
9:03 of 1st period - Stopped by Niklas Backstrom without a rebound.
9:04 of 1st period - Jordan Staal wins face-off versus Scott Gomez in Rangers zone.
9:05 of 1st period - Shot by Chris Stewart.
9:05 of 1st period - Shot Blocked by Keith Ballard.
9:07 of 1st period - Shot by Victor Hedman.
9:07 of 1st period - Shot Blocked by Keith Ballard.
9:11 of 1st period - Shot by Jordan Staal.
9:11 of 1st period - Shot Blocked by Keith Ballard.
9:13 of 1st period - Shot by Jordan Staal.
9:13 of 1st period - Goal by Jordan Staal - Sabres : 1 - Rangers : 1.
9:14 of 1st period - Frans Nielsen wins face-off versus Jordan Staal in neutral zone.
10:05 of 1st period - Shot by Dan Cleary.
10:05 of 1st period - Shot Misses the Net.
10:07 of 1st period - Shot by Tyler Myers.
10:07 of 1st period - Shot Misses the Net.
10:11 of 1st period - Shot by Marian Hossa.
10:11 of 1st period - Stopped by Niklas Backstrom without a rebound.
10:12 of 1st period - Mikko Koivu wins face-off versus Ryan Carter in Rangers zone.
10:12 of 1st period - Mikko Koivu is hit by Ryan Carter.
10:41 of 1st period - Eric Fehr is hit by Stephane Robidas and loses puck.
11:37 of 1st period - Cal Clutterbuck is hit by Steve Downie and loses puck.
11:53 of 1st period - Trevor Daley is hit by Luke Schenn and loses puck.
12:26 of 1st period - Shot by David Perron.
12:26 of 1st period - Stopped by Semyon Varlamov with a rebound.
12:30 of 1st period - Shot by Radim Vrbata.
12:30 of 1st period - Stopped by Semyon Varlamov without a rebound.
12:31 of 1st period - Jordan Staal wins face-off versus Mikko Koivu in Sabres zone.
12:57 of 1st period - Shot by Jordan Staal.
12:57 of 1st period - Stopped by Niklas Backstrom without a rebound.
12:58 of 1st period - Ryan Carter wins face-off versus Scott Gomez in Rangers zone.
13:45 of 1st period - Icing by Frans Nielsen.
13:46 of 1st period - Frans Nielsen wins face-off versus Jordan Staal in Rangers zone.
14:01 of 1st period - Victor Hedman is hit by Radim Vrbata.
14:08 of 1st period - Jordan Staal is hit by Luke Schenn and loses puck.
14:15 of 1st period - Shot by Tuomo Ruutu.
14:15 of 1st period - Shot Misses the Net.
14:19 of 1st period - Shot by Jordan Staal.
14:19 of 1st period - Stopped by Niklas Backstrom without a rebound.
14:20 of 1st period - Mikko Koivu wins face-off versus Mike Richards in Rangers zone.
14:24 of 1st period - Mike Cammalleri is hit by Mike Richards and loses puck.
14:48 of 1st period - Mikko Koivu is hit by Tyler Myers and loses puck.
15:26 of 1st period - Off-side.
15:27 of 1st period - Jordan Staal wins face-off versus Frans Nielsen in neutral zone.
15:59 of 1st period - Shot by Jordan Staal.
15:59 of 1st period - Stopped by Niklas Backstrom with a rebound.
16:03 of 1st period - Shot by Tuomo Ruutu.
16:03 of 1st period - Goal by Tuomo Ruutu - Sabres : 2 - Rangers : 1.
16:04 of 1st period - David Legwand wins face-off versus Scott Gomez in neutral zone.
16:04 of 1st period - Steve Downie is hit by Cal Clutterbuck and loses puck.
16:13 of 1st period - Shot by Steve Downie.
16:13 of 1st period - Stopped by Niklas Backstrom without a rebound.
16:14 of 1st period - Mikko Koivu wins face-off versus David Legwand in Rangers zone.
16:22 of 1st period - Minor Penalty to Stephane Robidas for Hooking.
16:23 of 1st period - Scott Gomez wins face-off versus Jordan Staal in Rangers zone.
16:42 of 1st period - Shot by Chris Stewart.
16:42 of 1st period - Shot Blocked by Marc Staal.
17:08 of 1st period - Shot by Marian Hossa.
17:08 of 1st period - Stopped by Niklas Backstrom with a rebound.
17:12 of 1st period - Shot by Tyler Myers.
17:12 of 1st period - Shot Misses the Net.
17:14 of 1st period - Shot by Mike Richards.
17:14 of 1st period - Stopped by Niklas Backstrom with a rebound.
17:16 of 1st period - Shot by Tyler Myers.
17:16 of 1st period - Stopped by Niklas Backstrom with a rebound.
17:20 of 1st period - Shot by Marian Hossa.
17:20 of 1st period - Stopped by Niklas Backstrom without a rebound.
17:21 of 1st period - Mike Richards wins face-off versus Frans Nielsen in Rangers zone.
17:24 of 1st period - Shot by Marian Hossa.
17:24 of 1st period - Shot Blocked by Frans Nielsen.
17:26 of 1st period - Shot by Mike Richards.
17:26 of 1st period - Stopped by Niklas Backstrom with a rebound.
17:28 of 1st period - Shot by Tuomo Ruutu.
17:28 of 1st period - Shot Misses the Net.
17:30 of 1st period - Shot by Mike Richards.
17:30 of 1st period - Shot Misses the Net.
17:32 of 1st period - Shot by Mike Richards.
17:32 of 1st period - Stopped by Niklas Backstrom without a rebound.
17:33 of 1st period - Jordan Staal wins face-off versus Frans Nielsen in Rangers zone.
17:43 of 1st period - Icing by Jordan Staal.
17:44 of 1st period - Jordan Staal wins face-off versus Frans Nielsen in Sabres zone.
17:57 of 1st period - Shot by Jordan Staal.
17:57 of 1st period - Shot Misses the Net.
18:22 of 1st period - Marian Hossa is hit by Vinny Prospal and loses puck.
18:29 of 1st period - Shot by Jay Bouwmeester.
18:29 of 1st period - Stopped by Niklas Backstrom without a rebound.
18:30 of 1st period - Mikko Koivu wins face-off versus David Legwand in Rangers zone.
19:34 of 1st period - Shot by Brett Sterling.
19:34 of 1st period - Shot Misses the Net.
19:54 of 1st period - Shot by Jay Bouwmeester.
19:54 of 1st period - Shot Misses the Net.
19:58 of 1st period - Shot by Jay Bouwmeester.
19:58 of 1st period - Stopped by Niklas Backstrom without a rebound.
19:59 of 1st period - Scott Gomez wins face-off versus Jordan Staal in Rangers zone.
19:59 of 1st period - Scott Gomez is hit by Jordan Staal.

Period #2

0:01 of 2nd period - Mike Richards wins face-off versus Mikko Koivu in neutral zone.
0:04 of 2nd period - Shot by Marian Hossa.
0:04 of 2nd period - Shot Misses the Net.
0:20 of 2nd period - Shot by Mikko Koivu.
0:20 of 2nd period - Shot Misses the Net.
0:24 of 2nd period - Shot by Mikko Koivu.
0:24 of 2nd period - Shot Misses the Net.
0:31 of 2nd period - Shot by Mike Cammalleri.
0:31 of 2nd period - Goal by Mike Cammalleri - Sabres : 2 - Rangers : 2.
0:32 of 2nd period - Jordan Staal wins face-off versus Frans Nielsen in neutral zone.
0:32 of 2nd period - Tuomo Ruutu is hit by Frans Nielsen and loses puck.
0:55 of 2nd period - Shot by Radim Vrbata.
0:55 of 2nd period - Stopped by Semyon Varlamov without a rebound.
0:56 of 2nd period - Ryan Carter wins face-off versus Scott Gomez in Sabres zone.
0:58 of 2nd period - Minor Penalty to Cal Clutterbuck for Holding.
0:59 of 2nd period - Mike Richards wins face-off versus Tom Pyatt in Rangers zone.
1:10 of 2nd period - Shot by Jay Bouwmeester.
1:10 of 2nd period - Shot Misses the Net.
1:21 of 2nd period - Off-side.
1:22 of 2nd period - Jordan Staal wins face-off versus Frans Nielsen in neutral zone.
1:43 of 2nd period - Shot by Victor Hedman.
1:43 of 2nd period - Stopped by Niklas Backstrom without a rebound.
1:44 of 2nd period - Mike Richards wins face-off versus Frans Nielsen in Rangers zone.
1:53 of 2nd period - Shot by Tuomo Ruutu.
1:53 of 2nd period - Stopped by Niklas Backstrom without a rebound.
1:54 of 2nd period - Tom Pyatt wins face-off versus Jordan Staal in Rangers zone.
2:11 of 2nd period - Shot by Jordan Staal.
2:11 of 2nd period - Deflect By Chris Stewart.
2:11 of 2nd period - Shot Misses the Net.
2:13 of 2nd period - Shot by Jordan Staal.
2:13 of 2nd period - Stopped by Niklas Backstrom without a rebound.
2:14 of 2nd period - Frans Nielsen wins face-off versus Mike Richards in Rangers zone.
2:14 of 2nd period - Frans Nielsen is hit by Tuomo Ruutu.
2:42 of 2nd period - Shot by Mike Richards.
2:42 of 2nd period - Shot Misses the Net.
3:09 of 2nd period - Shot by Dan Cleary.
3:09 of 2nd period - Stopped by Niklas Backstrom without a rebound.
3:10 of 2nd period - Vinny Prospal wins face-off versus Ryan Carter in Rangers zone.
3:38 of 2nd period - Jay Bouwmeester is hit by Vinny Prospal and loses puck.
3:52 of 2nd period - Icing by Stephane Robidas.
3:53 of 2nd period - David Legwand wins face-off versus Mikko Koivu in Rangers zone.
3:53 of 2nd period - David Legwand is hit by Marc Staal.
4:08 of 2nd period - Steve Downie is hit by Stephane Robidas.
4:11 of 2nd period - Dan Cleary is hit by Stephane Robidas.
4:32 of 2nd period - Icing by Marc Staal.
4:33 of 2nd period - Mikko Koivu wins face-off versus Chris Stewart in Rangers zone.
4:35 of 2nd period - Minor Penalty to Tuomo Ruutu for Tripping.
4:36 of 2nd period - Mike Richards wins face-off versus Frans Nielsen in Sabres zone.
5:02 of 2nd period - Shot by Radim Vrbata.
5:02 of 2nd period - Deflect By Frans Nielsen.
5:02 of 2nd period - Stopped by Semyon Varlamov without a rebound.
5:03 of 2nd period - David Legwand wins face-off versus Scott Gomez in Sabres zone.
5:56 of 2nd period - Brad Stuart is hit by Guillaume Latendresse and loses puck.
6:11 of 2nd period - Shot by Radim Vrbata.
6:11 of 2nd period - Deflect By Guillaume Latendresse.
6:11 of 2nd period - Shot Misses the Net.
7:51 of 2nd period - Brad Stuart is hit by Cal Clutterbuck.
8:20 of 2nd period - Shot by Radim Vrbata.
8:20 of 2nd period - Shot Misses the Net.
8:43 of 2nd period - Icing by David Legwand.
8:44 of 2nd period - Mikko Koivu wins face-off versus David Legwand in Sabres zone.
9:17 of 2nd period - Shot by Troy Brouwer.
9:17 of 2nd period - Stopped by Semyon Varlamov without a rebound.
9:18 of 2nd period - Mikko Koivu wins face-off versus Ryan Carter in Sabres zone.
9:35 of 2nd period - Shot by Vinny Prospal.
9:35 of 2nd period - Deflect By Mikko Koivu.
9:35 of 2nd period - Shot Misses the Net.
10:13 of 2nd period - Shot by Radim Vrbata.
10:13 of 2nd period - Stopped by Semyon Varlamov with a rebound.
10:15 of 2nd period - Shot by Radim Vrbata.
10:15 of 2nd period - Deflect By David Perron.
10:15 of 2nd period - Goal by David Perron - Sabres : 2 - Rangers : 3.
10:16 of 2nd period - David Legwand wins face-off versus Scott Gomez in neutral zone.
10:39 of 2nd period - Shot by Guillaume Latendresse.
10:39 of 2nd period - Shot Misses the Net.
10:43 of 2nd period - Shot by Scott Gomez.
10:43 of 2nd period - Stopped by Semyon Varlamov without a rebound.
10:44 of 2nd period - Jordan Staal wins face-off versus Frans Nielsen in Sabres zone.
11:04 of 2nd period - Frans Nielsen is hit by Brad Stuart and loses puck.
11:52 of 2nd period - Mikko Koivu is hit by Tyler Myers and loses puck.
12:26 of 2nd period - David Legwand is hit by Cal Clutterbuck.
12:52 of 2nd period - Frans Nielsen is hit by Steve Downie and loses puck.
13:51 of 2nd period - Shot by Brett Sterling.
13:51 of 2nd period - Shot Misses the Net.
14:01 of 2nd period - Shot by Tyler Myers.
14:01 of 2nd period - Shot Misses the Net.
14:05 of 2nd period - Shot by Eric Fehr.
14:05 of 2nd period - Stopped by Niklas Backstrom without a rebound.
14:06 of 2nd period - Jordan Staal wins face-off versus Scott Gomez in Rangers zone.
14:24 of 2nd period - Marian Hossa is hit by Keith Ballard and loses puck.
15:06 of 2nd period - Brett Sterling is hit by Keith Ballard and loses puck.
15:09 of 2nd period - Shot by Ryan Carter.
15:09 of 2nd period - Stopped by Niklas Backstrom without a rebound.
15:10 of 2nd period - Mike Richards wins face-off versus Frans Nielsen in Rangers zone.
16:22 of 2nd period - Off-side.
16:23 of 2nd period - Jordan Caron wins face-off versus David Legwand in neutral zone.
16:25 of 2nd period - Mikko Koivu is hit by Steve Downie and loses puck.
16:48 of 2nd period - Shot by Troy Brouwer.
16:48 of 2nd period - Shot Misses the Net.
16:50 of 2nd period - Shot by Jordan Caron.
16:50 of 2nd period - Shot Blocked by Trevor Daley.
16:52 of 2nd period - Shot by Stephane Robidas.
16:52 of 2nd period - Stopped by Semyon Varlamov with a rebound.
18:21 of 2nd period - Shot by Brett Sterling.
18:21 of 2nd period - Deflect By Ryan Carter.
18:21 of 2nd period - Shot Misses the Net.
18:23 of 2nd period - Shot by Jay Bouwmeester.
18:23 of 2nd period - Shot Blocked by Stephane Robidas.
18:25 of 2nd period - Shot by Eric Fehr.
18:25 of 2nd period - Stopped by Niklas Backstrom with a rebound.
18:27 of 2nd period - Shot by Jay Bouwmeester.
18:27 of 2nd period - Shot Misses the Net.
19:08 of 2nd period - Icing by Mike Weaver.
19:09 of 2nd period - Ryan Carter wins face-off versus Frans Nielsen in Rangers zone.
19:09 of 2nd period - Ryan Carter is hit by Luke Schenn.
19:26 of 2nd period - Icing by Luke Schenn.
19:27 of 2nd period - Mike Richards wins face-off versus Frans Nielsen in Rangers zone.
19:39 of 2nd period - Shot by Mike Richards.
19:39 of 2nd period - Stopped by Niklas Backstrom without a rebound.
19:40 of 2nd period - Eric Fehr wins face-off versus Cal Clutterbuck in Rangers zone.
19:43 of 2nd period - Shot by Eric Fehr.
19:43 of 2nd period - Shot Misses the Net.

Period #3

0:01 of 3rd period - Mike Richards wins face-off versus Mikko Koivu in neutral zone.
0:08 of 3rd period - Shot by Marian Hossa.
0:08 of 3rd period - Shot Misses the Net.
0:20 of 3rd period - Shot by Marian Hossa.
0:20 of 3rd period - Shot Misses the Net.
0:32 of 3rd period - Shot by Mikko Koivu.
0:32 of 3rd period - Shot Misses the Net.
0:45 of 3rd period - Shot by Mike Cammalleri.
0:45 of 3rd period - Shot Hit the Post.
2:06 of 3rd period - Shot by Jay Bouwmeester.
2:06 of 3rd period - Stopped by Niklas Backstrom without a rebound.
2:07 of 3rd period - Scott Gomez wins face-off versus David Legwand in Rangers zone.
2:29 of 3rd period - Scott Gomez is hit by Steve Downie and loses puck.
2:39 of 3rd period - Cal Clutterbuck is hit by Jeff Schultz and loses puck.
2:59 of 3rd period - Icing by Scott Gomez.
3:00 of 3rd period - Scott Gomez wins face-off versus Jordan Staal in Rangers zone.
3:23 of 3rd period - Shot by Mike Cammalleri.
3:23 of 3rd period - Stopped by Semyon Varlamov without a rebound.
3:24 of 3rd period - Ryan Carter wins face-off versus Mikko Koivu in Sabres zone.
3:24 of 3rd period - Ryan Carter is hit by Troy Brouwer.
3:32 of 3rd period - Shot by Mikko Koivu.
3:32 of 3rd period - Stopped by Semyon Varlamov without a rebound.
3:33 of 3rd period - Mikko Koivu wins face-off versus Ryan Carter in Sabres zone.
4:02 of 3rd period - Shot by Mikko Koivu.
4:02 of 3rd period - Stopped by Semyon Varlamov without a rebound.
4:03 of 3rd period - Frans Nielsen wins face-off versus Jordan Staal in Sabres zone.
4:08 of 3rd period - Shot by Frans Nielsen.
4:08 of 3rd period - Shot Misses the Net.
4:25 of 3rd period - Chris Stewart is hit by Luke Schenn and loses puck.
4:37 of 3rd period - Frans Nielsen is hit by Brad Stuart and loses puck.
5:53 of 3rd period - Icing by Jeff Schultz.
5:54 of 3rd period - David Legwand wins face-off versus Mikko Koivu in Sabres zone.
7:18 of 3rd period - Icing by Luke Schenn.
7:19 of 3rd period - Mike Richards wins face-off versus Frans Nielsen in Rangers zone.
7:30 of 3rd period - Shot by Marian Hossa.
7:30 of 3rd period - Shot Misses the Net.
7:32 of 3rd period - Shot by Tyler Myers.
7:32 of 3rd period - Shot Blocked by Mike Weaver.
7:34 of 3rd period - Shot by Tyler Myers.
7:34 of 3rd period - Stopped by Niklas Backstrom with a rebound.
7:36 of 3rd period - Shot by Marian Hossa.
7:36 of 3rd period - Goal by Marian Hossa - Sabres : 3 - Rangers : 3.
7:37 of 3rd period - Jordan Staal wins face-off versus Scott Gomez in neutral zone.
7:44 of 3rd period - Shot by Tuomo Ruutu.
7:44 of 3rd period - Stopped by Niklas Backstrom with a rebound.
7:46 of 3rd period - Shot by Brad Stuart.
7:46 of 3rd period - Stopped by Niklas Backstrom without a rebound.
7:47 of 3rd period - Scott Gomez wins face-off versus Chris Stewart in Rangers zone.
7:54 of 3rd period - Shot by Guillaume Latendresse.
7:54 of 3rd period - Stopped by Semyon Varlamov without a rebound.
7:55 of 3rd period - Mikko Koivu wins face-off versus David Legwand in Sabres zone.
8:27 of 3rd period - Icing by Jeff Schultz.
8:28 of 3rd period - David Legwand wins face-off versus Scott Gomez in Sabres zone.
10:15 of 3rd period - Shot by Mikko Koivu.
10:15 of 3rd period - Shot Misses the Net.
10:17 of 3rd period - Shot by Marc Staal.
10:17 of 3rd period - Stopped by Semyon Varlamov without a rebound.
10:18 of 3rd period - Frans Nielsen wins face-off versus David Legwand in Sabres zone.
10:29 of 3rd period - Shot by Radim Vrbata.
10:29 of 3rd period - Shot Blocked by Trevor Daley.
10:32 of 3rd period - Icing by Jeff Schultz.
10:33 of 3rd period - David Legwand wins face-off versus Mikko Koivu in Sabres zone.
10:43 of 3rd period - Icing by Stephane Robidas.
10:44 of 3rd period - Mikko Koivu wins face-off versus Jordan Staal in Rangers zone.
10:57 of 3rd period - Shot by Chris Stewart.
10:57 of 3rd period - Deflect By Tuomo Ruutu.
10:57 of 3rd period - Stopped by Niklas Backstrom without a rebound.
10:58 of 3rd period - Frans Nielsen wins face-off versus Mike Richards in Rangers zone.
11:22 of 3rd period - Shot by Jay Bouwmeester.
11:22 of 3rd period - Goal by Jay Bouwmeester - Sabres : 4 - Rangers : 3.
11:23 of 3rd period - Jordan Staal wins face-off versus Mikko Koivu in neutral zone.
11:34 of 3rd period - Shot by Chris Stewart.
11:34 of 3rd period - Shot Misses the Net.
11:36 of 3rd period - Shot by Jordan Staal.
11:36 of 3rd period - Shot Hit the Post.
11:38 of 3rd period - Shot by Chris Stewart.
11:38 of 3rd period - Stopped by Niklas Backstrom with a rebound.
11:40 of 3rd period - Shot by Brad Stuart.
11:40 of 3rd period - Stopped by Niklas Backstrom with a rebound.
12:07 of 3rd period - Shot by Mikko Koivu.
12:07 of 3rd period - Stopped by Semyon Varlamov with a rebound.
12:29 of 3rd period - Jay Bouwmeester is hit by Mikko Koivu and loses puck.
12:46 of 3rd period - Shot by Brett Sterling.
12:46 of 3rd period - Shot Blocked by Luke Schenn.
13:02 of 3rd period - Shot by David Perron.
13:02 of 3rd period - Shot Misses the Net.
13:06 of 3rd period - Shot by Radim Vrbata.
13:06 of 3rd period - Shot Misses the Net.
13:08 of 3rd period - Shot by Mike Weaver.
13:08 of 3rd period - Shot Misses the Net.
13:10 of 3rd period - Shot by Frans Nielsen.
13:10 of 3rd period - Deflect By Radim Vrbata.
13:10 of 3rd period - Shot Misses the Net.
13:14 of 3rd period - Shot by Radim Vrbata.
13:14 of 3rd period - Shot Blocked by Ryan Carter.
13:16 of 3rd period - Shot by Radim Vrbata.
13:16 of 3rd period - Shot Misses the Net.
13:30 of 3rd period - Cal Clutterbuck is hit by Ryan Carter and loses puck.
13:41 of 3rd period - Keith Ballard is hit by Steve Downie and loses puck.
14:04 of 3rd period - Shot by Steve Downie.
14:04 of 3rd period - Deflect By Dan Cleary.
14:04 of 3rd period - Shot Misses the Net.
14:06 of 3rd period - Shot by Trevor Daley.
14:06 of 3rd period - Shot Blocked by Scott Gomez.
14:38 of 3rd period - Shot by Chris Stewart.
14:38 of 3rd period - Stopped by Niklas Backstrom without a rebound.
14:39 of 3rd period - Jordan Staal wins face-off versus Frans Nielsen in Rangers zone.
14:39 of 3rd period - Jordan Staal is hit by Luke Schenn.
14:50 of 3rd period - Minor Penalty to Mike Weaver for Hooking.
14:51 of 3rd period - Frans Nielsen wins face-off versus Mike Richards in Rangers zone.
15:09 of 3rd period - Minor Penalty to Jordan Caron for Hooking.
15:10 of 3rd period - Jordan Staal wins face-off versus Mikko Koivu in Rangers zone.
15:59 of 3rd period - Shot by Tuomo Ruutu.
15:59 of 3rd period - Goal by Tuomo Ruutu - Sabres : 5 - Rangers : 3.
16:00 of 3rd period - Mike Richards wins face-off versus Frans Nielsen in neutral zone.
16:10 of 3rd period - Icing by Mike Richards.
16:11 of 3rd period - Mike Richards wins face-off versus Frans Nielsen in Sabres zone.
16:42 of 3rd period - Dan Cleary is hit by Tom Pyatt and loses puck.
16:53 of 3rd period - Shot by Dan Cleary.
16:53 of 3rd period - Shot Blocked by Stephane Robidas.
16:55 of 3rd period - Shot by Brad Stuart.
16:55 of 3rd period - Goal by Brad Stuart - Sabres : 6 - Rangers : 3.
16:56 of 3rd period - David Legwand wins face-off versus Frans Nielsen in neutral zone.
17:06 of 3rd period - Luke Schenn is hit by Steve Downie and loses puck.
17:15 of 3rd period - Icing by Trevor Daley.
17:16 of 3rd period - David Legwand wins face-off versus Mikko Koivu in Sabres zone.
18:13 of 3rd period - Shot by Ryan Carter.
18:13 of 3rd period - Stopped by Niklas Backstrom without a rebound.
18:14 of 3rd period - Frans Nielsen wins face-off versus Jordan Staal in Rangers zone.
18:14 of 3rd period - Frans Nielsen is hit by Tuomo Ruutu.
18:56 of 3rd period - Shot by Jordan Staal.
18:56 of 3rd period - Shot Misses the Net.
19:44 of 3rd period - Shot by Guillaume Latendresse.
19:44 of 3rd period - Stopped by Semyon Varlamov without a rebound.
19:45 of 3rd period - Ryan Carter wins face-off versus Mikko Koivu in Sabres zone.
19:50 of 3rd period - Shot by Eric Fehr.
19:50 of 3rd period - Stopped by Niklas Backstrom without a rebound.
19:51 of 3rd period - Ryan Carter wins face-off versus Jordan Caron in Rangers zone.


Output by the SimonT Hockey Simulator (STHS) for Stephane Roy -- Original Page W3C XHTML 1.0 Valid